 Dungeon Crawl Stone Soup version 0.19-a0-1187-g948eaf9 (webtiles) character file.

539 AlphabetPasta the Skirmisher (level 1, 0/22 HPs)
             Began as a Troll Wanderer on Aug 24, 2016.
             Was a Follower of Trog.
             Slain by a gnoll
             ... wielding a +0 halberd
              (7 damage)
             ... on level 3 of the Dungeon.
             The game lasted 00:16:42 (2522 turns).

AlphabetPasta the Skirmisher (Troll Wanderer)       Turns: 2522, Time: 00:16:43

Health: 0/22       AC:  5    Str: 18    XL:     1   Next: 0%
Magic:  0/0        EV:  2    Int:  9    God:    Trog [*.....]
Gold:   90         SH:  8    Dex: 11    Spells: 0 memorised, 0 levels left

rFire  . . .     SeeInvis .     n - +2 spear (flame)
rCold  . . .     Gourm    +     b - +0 robe
rNeg   . . .     Faith    .     l - +1 shield
rPois  .         Spirit   .     (helmet restricted)
rElec  .         Dismiss  .     (no cloak)
rCorr  +         Reflect  .     (gloves unavailable)
SustAt .         Harm     .     (boots unavailable)
MR     .....                    (no amulet)
Stlth  +.........               q - ring of resist corrosion
                                p - +2 ring of dexterity

@: exhausted
A: unfitting armour, claws 3, fast metabolism 3, gourmand, regeneration 2,
shaggy fur 1, tough skin 2
a: Berserk, Burn Spellbooks, Renounce Religion


You were on level 3 of the Dungeon.
You worshipped Trog.
Trog was aware of your devotion.
You were completely stuffed.

You visited 2 branches of the dungeon, and saw 4 of its levels.

You collected 90 gold pieces.

Inventory:

Hand Weapons
 a - a +2 quarterstaff
 m - a +1 spear of pain
 n - a +2 spear of flaming (weapon)
Missiles
 k - 3 tomahawks (quivered)
Armour
 b - a +0 robe (worn)
 l - a +1 shield (worn)
Jewellery
 p - a +2 ring of dexterity (left claw)
 q - a ring of resist corrosion (right claw)
Scrolls
 e - a scroll of recharging
Potions
 c - 2 potions of lignification
 f - a potion of might
 i - a potion of brilliance
 j - 3 potions of flight
Comestibles
 d - 3 bread rations
 g - a meat ration
 h - 5 chunks of flesh
 o - a beef jerky


   Skills:
 + Level 2.4 Fighting
   Level 1.0 Axes
 + Level 1.5 Staves
 + Level 1.5 Dodging
 + Level 1.0 Stealth
 + Level 1.0 Shields


You couldn't memorise any spells.
You didn't know any spells.

Dungeon Overview and Level Annotations

Branches:
Dungeon (3/15)             Temple (1/1) D:1

Altars:
Cheibriados
Dithmenos
Elyvilon
Fedhas
Kikubaaqudgha
Makhleb
Okawaru
Pakellas
Ru
Sif Muna
Trog
Uskayaw
Xom
Yredelemnul
The Shining One


Innate Abilities, Weirdness & Mutations

You are too large for most types of armour.
You have claws for hands.
Your metabolism is lightning-fast.
You like to eat raw meat.
You heal very quickly.
You are covered in fur. (AC +1)
You have very tough skin. (AC +2)


Message History

The gnoll hits you but does no damage. The gnoll barely misses you.
The gnoll hits you from afar with a halberd!
Ouch! That really hurt!
* * * LOW HITPOINT WARNING * * *
Okay, then.
Okay, then.
The gnoll hits you from afar with a halberd.
* * * LOW HITPOINT WARNING * * *
The gnoll hits you but does no damage.
The gnoll hits you from afar with a halberd.
* * * LOW HITPOINT WARNING * * *
You see here a halberd.
The gnoll hits you from afar with a halberd.
* * * LOW HITPOINT WARNING * * *
You feel yourself speed up. The gnoll barely misses you.
There is a stone staircase leading down here.
The gnoll hits you from afar with a halberd!
You die...

#..# #.#
#..#.##.##########
#..#..........)..#
#..####.########.#
#..####.# #.#
#.......# #.#
##.###### #g# ##.#
#.# ...# #@# .###
#.# .# #.# .# #.#
.# #.# .# #.# ##
#.# # #.#


You could see a gnoll.

Vanquished Creatures
  54 gnolls
54 creatures vanquished.

Notes
Turn   | Place    | Note
-------+----------+-------------------------------------------
     0 | D:1      | AlphabetPasta the Troll Wanderer began the quest for the Orb.
     0 | D:1      | AlphabetPasta set off with: a +2 quarterstaff, a +0 robe, a potion of lignification, 2 bread rations
     0 | D:1      | Reached XP level 1. HP: 22/22 MP: 0/0
   297 | D:1      | Found a staircase to the Ecumenical Temple.
   339 | Temple   | Entered the Ecumenical Temple
   401 | Temple   | Became a worshipper of Trog the Wrathful
  1419 | D:2      | Reached * piety under Trog
  1669 | D:2      | Found a hide-covered altar of Uskayaw.
  1792 | D:2      | HP: 1/22 [gnoll/flail (10)]
  2522 | D:3      | Slain by a gnoll

Vault maps used:
D:1:      dpeg_arrival_central
D:2:      overflow_temple_1_default
D:3:      corexii_leaking_fountain, kennysheep_generic_room_5
Temple:   eino_narrow_crystal_temple

Action                   || total
-------------------------++-------
Melee: Spear             ||   147
       Quarterstaff      ||    86
Throw: Tomahawk          ||    20
Invok: Berserk           ||     5
  Use: Scroll            ||    12
       Potion            ||     2
 Stab: Sleeping          ||     2
  Eat: Chunk             ||     6
Armor: Robe              ||    38
       Skin              ||     1
Dodge: Dodged            ||    69
Block: Shield            ||    33
